 Dungeon Crawl Stone Soup version 0.22.1-1-ga44c0e5 (webtiles) character file.

499 brandon the Chopper (level 6, -1/56 HPs)
             Began as a Minotaur Berserker on Oct 2, 2018.
             Was a Priest of Trog.
             Succumbed to an orc wizard's poison
             ... on level 4 of the Dungeon.
             The game lasted 00:06:30 (2451 turns).

brandon the Chopper (Minotaur Berserker)            Turns: 2451, Time: 00:06:31

Health: -1/56      AC: 13    Str: 21    XL:     6   Next: 94%
Magic:  5/5        EV:  8    Int:  4    God:    Trog [***...]
Gold:   203        SH:  0    Dex: 12    Spells: 5/5 levels left

rFire    . . .     SeeInvis .   a - +0 hand axe
rCold    . . .     Gourm    .   (no shield)
rNeg     . . .     Faith    .   e - +0 plate armour
rPois    .         Spirit   .   (helmet restricted)
rElec    .         Reflect  .   (no cloak)
rCorr    .         Harm     .   (no gloves)
MR       .....                  d - +0 pair of boots
Stlth    ..........             (no amulet)
HPRegen  0.18/turn              (no ring)
MPRegen  0.09/turn              (no ring)

@: lethally poisoned (-1 -> -9), berserk cooldown, slowed, very slow
A: retaliatory headbutt, horns 2
a: Berserk, Trog's Hand, Renounce Religion


You were on level 4 of the Dungeon.
You worshipped Trog.
Trog was most pleased with you.
You were hungry.

You visited 1 branch of the dungeon, and saw 4 of its levels.

You collected 203 gold pieces.

Inventory:

Hand Weapons
 a - a +0 hand axe (weapon)
Armour
 d - a +0 pair of boots (worn)
 e - a +0 plate armour (worn)
Jewellery
 g - an uncursed ring of flight {unknown}
 o - a +2 ring of intelligence {unknown}
 q - an uncursed ring of stealth {unknown}
Wands
 s - a wand of random effects (34)
 v - a wand of enslavement (15)
Scrolls
 f - 3 scrolls of teleportation {unknown}
 h - a scroll of noise {unknown}
 l - a scroll of remove curse {unknown}
 m - 2 scrolls of identify {unknown}
 p - a scroll of random uselessness {unknown}
 r - a scroll of blinking {unknown}
 t - a scroll of enchant weapon {unknown}
Potions
 b - a potion of berserk rage {unknown}
 i - a potion of curing {unknown}
 j - a potion of magic {unknown}
 k - 2 potions of degeneration {unknown}
 n - 3 potions of mutation {unknown}
Comestibles
 c - 8 rations
 u - 7 chunks of flesh


   Skills:
 + Level 5.4 Fighting
 * Level 6.7 Axes
 + Level 4.4 Armour
 + Level 4.0 Dodging


You had 5 spell levels left.
You didn't know any spells.
Your spell library was empty.

Dungeon Overview and Level Annotations

Branches:
Dungeon (4/15)
 Temple: D:4-7

Altars:
Gozag
Ru
Wu Jian


Innate Abilities, Weirdness & Mutations

You reflexively headbutt those who attack you in melee.
You have a pair of horns on your head.


Message History

You feel sick.
The orc priest invokes the aid of Beogh against you.
Beogh smites you!
* * * LOW HITPOINT WARNING * * *
You hit the orc priest. You headbutt the orc priest!
The orc priest is almost dead.
* * * LOW HITPOINT WARNING * * *
You feel sick.
The orc priest hits you but does no damage.
You barely miss the orc priest.
The orc priest is almost dead.
* * * LOW HITPOINT WARNING * * *
You feel sick.
The orc priest hits you but does no damage. x2
You hit the orc priest.
You kill the orc priest!
Trog accepts your kill.
* * * LOW HITPOINT WARNING * * *
You feel sick.
You die...

#.<.# .. #######...# ...
####.........# #...
##....#####...#
#.#.######....## ###...###
#?............####.......#
#......................#
##...<......###........#
#....))..@..####.......#
#.#..>.........#.......#
.. #.....##.###......†..#
# #.....##.# ##........#
#.....##.#####..........
#..............(......#..
#.......÷.....#.......#..
#........>..........### #
#..............#.##..#


There were no monsters in sight!

Vanquished Creatures
  An ice beast (D:3)
  An ogre (D:4)
  A scorpion (D:4)
  An orc priest (D:4)
  An iguana (D:4)
  An orc wizard (D:4)
  A worker ant (D:2)
  A hound skeleton (D:4)
  3 gnolls (D:3)
  5 adders
  2 oozes
  An adder skeleton (D:4)
  3 dart slugs
  2 leopard geckos
  An orc (D:4)
  5 giant cockroaches
  12 hobgoblins
  3 ball pythons
  5 bats
  4 frilled lizards
  5 goblins
  11 kobolds
  8 rats
78 creatures vanquished.

Notes
Turn   | Place    | Note
-------+----------+-------------------------------------------
     0 | D:1      | brandon the Minotaur Berserker began the quest for the Orb.
     0 | D:1      | Reached XP level 1. HP: 19/19 MP: 0/0
   408 | D:1      | Reached skill level 4 in Axes
   408 | D:1      | Reached XP level 2. HP: 27/27 MP: 1/1
   946 | D:2      | Found a sacrificial altar of Ru.
  1012 | D:2      | Reached XP level 3. HP: 28/33 MP: 2/2
  1017 | D:2      | Reached ** piety under Trog
  1026 | D:2      | Reached XP level 4. HP: 31/40 MP: 3/3
  1183 | D:2      | Reached skill level 5 in Axes
  1659 | D:3      | Reached XP level 5. HP: 46/47 MP: 4/4
  1741 | D:3      | Found an opulent altar of Gozag.
  1781 | D:3      | Found an ornate altar of the Wu Jian Council.
  2045 | D:3      | Noticed an ice beast
  2056 | D:3      | Killed an ice beast
  2311 | D:4      | Reached skill level 5 in Fighting
  2311 | D:4      | Reached skill level 6 in Axes
  2311 | D:4      | Reached XP level 6. HP: 56/56 MP: 5/5
  2440 | D:4      | Reached *** piety under Trog
  2449 | D:4      | HP: 2/56 [poisoned by an orc wizard]
  2451 | D:4      | Succumbed to an orc wizard's poison

Skill      XL: |  1  2  3  4  5  6 |
---------------+-------------------+-----
Axes           | 4 5 6 |  6.7
Fighting       | 4 5 |  5.4
Armour         | 3 4 |  4.4
Dodging        | 3 4 |  4.0

Action                   |  1- 3 |  4- 6 || total
-------------------------+-------+-------++-------
Melee: Hand axe          |    69 |   118 ||   187
       Headbutt          |     8 |    24 ||    32
Invok: Berserk           |       |     2 ||     2
  Eat: Chunk             |       |     6 ||     6
Armor: Plate armour      |    48 |    83 ||   131
       Animal skin       |     2 |       ||     2
Dodge: Dodged            |    36 |    47 ||    83
